 Dungeon Sprint DCSS version 0.31-a0-204-g7da18cac08 (webtiles) character file.

Game seed: 12839704259987298464

46 rocky1 the Grasshopper (level 3, -2/45 HPs)
             Began as a Demigod Warper on June 28, 2023.
             Slain by a gnoll
             ... wielding a +0 spear
              (7 damage)
             ... in the Dungeon (Sprint VII: "The Pits").
             The game lasted 00:00:46 (438 turns).

rocky1 the Grasshopper (Demigod Warper)              Turns: 438, Time: 00:00:47

Health: -2/45      AC:  3    Str: 12    XL:     3   Next: 26%
Magic:  10/10      EV: 12    Int: 15    God:
Gold:   0          SH:  0    Dex: 17    Spells: 4/8 levels left

rFire   . . .        m - +2 falchion
rCold   . . .        (no shield)
rNeg    . . .        b - +0 leather armour
rPois   .            (no helmet)
rElec   .            (no cloak)
rCorr   .            (no gloves)
SInv    .            (no boots)
Will    .....        (no amulet) Stlth
                     (no ring)
HPRegen 0.27/turn    (no ring)
MPRegen 0.12/turn

%: no teleportation
@: berserking, very quick
A: high MP 1, forlorn, divine attributes
a: no special abilities


You were in the Dungeon.
You visited 1 branch

Inventory:

Hand Weapons
 a - a +0 falchion
 m - a +2 falchion (weapon)
Missiles
 d - 7 boomerangs of dispersal (quivered)
Armour
 b - a +0 leather armour (worn)
Scrolls
 c - 2 scrolls of blinking
 k - 5 scrolls of amnesia
 l - a scroll of summoning
Potions
 f - a potion of heal wounds
 g - a potion of haste
 h - 4 potions of magic
 i - 2 potions of berserk rage
 j - 2 potions of invisibility


   Skills:
 + Level 2.6 Fighting
 + Level 2.9 Long Blades
 + Level 0.9 Throwing
 + Level 1.4 Armour
 + Level 2.8 Dodging
 + Level 0.7 Stealth
 + Level 3.1 Spellcasting
 + Level 4.4 Translocations


You had 4 spell levels left.
You knew the following spells:

 Your Spells              Type           Power      Damage    Failure   Level
a - Blink                 Tloc           30%        N/A       6%          2
b - Lesser Beckoning      Tloc           30%        N/A       6%          2

Your spell library contained the following spells:

 Spells                   Type           Power      Damage    Failure   Level
 Teleport Other           Tloc           15%        N/A       12%         3
 Vhi's Electric Charge    Tloc/Air       18%        N/A       30%         3
 Manifold Assault         Tloc           15%        N/A       36%         4


Dungeon Overview and Level Annotations

Branches:
Dungeon (1/1)


Innate Abilities, Weirdness & Mutations

You have an increased reservoir of magic. (+10% MP)
You shall have no god before yourself.
Your divine heritage dramatically boosts your attributes as you level up.


Message History

You are poisoned.
The adder poisons you!
The gnoll hits you from afar with a +0 spear.
Unknown command.
You feel sick. The adder bites you but does no damage.
You barely miss the adder.
The adder is severely wounded.
You feel sick. The adder closely misses you.
The adder bites you but does no damage.
You hit the adder.
You kill the adder!
You feel sick.
Your Spellcasting skill increases to level 3!
You have reached level 3!
Your experience leads to a dramatic increase in your attributes!
Increase (S)trength, (I)ntelligence, or (D)exterity?
You feel agile. x4
Unknown command.
You feel better.
Unknown command.
A red film seems to cover your vision as you go berserk!
You feel yourself moving faster!
You feel mighty!
The gnoll hits you from afar with a +0 spear.
The river rat bites you.
You closely miss the river rat. The river rat bites you.
The gnoll hits you from afar with a +0 spear.
* * * LOW HITPOINT WARNING * * *
The rat bites you.
* * * LOW HITPOINT WARNING * * *
You slash the river rat!
You kill the river rat!
The gnoll hits you from afar with a +0 spear.
* * * LOW HITPOINT WARNING * * *
The rat bites you.
* * * LOW HITPOINT WARNING * * *
You closely miss the rat. The gnoll completely misses you. The rat misses you.
You slash the rat!
You kill the rat!
The gnoll hits you from afar with a +0 spear!
You die...

#.?(.')))'.##......#..#
##########.##..........
#.........†.'..........
#+#####'#####......#..#
#.....# #..........
#.....# ####'#####+
###)### #.......#
#.....# #.......#
#...@.# #.......#
####†## #...<...#
#...g....##.......#
#......r.##.......#
###########.......#
#########


You could see a gnoll.

Vanquished Creatures
  A gnoll (D)
  2 adders (D)
  A river rat (D)
  An ufetubus (D)
  An orc (D)
  A hobgoblin (D)
  A rat (D)
8 creatures vanquished.

Notes
Turn   | Place    | Note
-------+----------+-------------------------------------------
     0 | D        | rocky1 the Demigod Warper began the quest for the Orb.
     0 | D        | Reached XP level 1. HP: 17/17 MP: 5/5
    19 | D        | Reached skill level 1 in Armour
    19 | D        | Reached skill level 3 in Translocations
    57 | D        | Reached XP level 2. HP: 24/24 MP: 8/8
   169 | D        | Reached skill level 4 in Translocations
   421 | D        | Learned a level 2 spell: Blink
   424 | D        | Learned a level 2 spell: Lesser Beckoning
   432 | D        | Reached XP level 3. HP: 13/30 MP: 10/10
   438 | D        | Slain by a gnoll

Illustrated notes

Levels and vault maps discovered:
D:        pitsprint [storerooms_1, entrance_room_1, metal_vault_6, armoury_3,
          mini_pit_1, grid_room_1, main_hall_1, silver_pit, the_coven_3,
          the_vestibule_1, steel_vault_5, golden_pit, hallway_of_sentries,
          crystal_vault_3, iron_vault_4, final_vault]

Skill      XL: |  1  2 |
---------------+-------+-----
Fighting       | 2 |  2.6
Long Blades    | 2 |  2.9
Armour         | 1 |  1.4
Dodging        | 2 |  2.8
Spellcasting   | 2 3 |  3.1
Translocations | 3 4 |  4.4
Throwing       | |  0.9
Stealth        | |  0.7

Action                     || total
---------------------------++-------
  Melee: Falchion          ||    25
    Use: Potion            ||     2
   Stab: Sleeping          ||     1
 Armour: Leather armour    ||     6
  Dodge: Dodged            ||    17

Table legend: (Time is in decaauts)
 A = Elapsed time spent in this place.
 B = Non-inter-level travel time spent in this place.
 C = Inter-level travel time spent in this place.
 D = Time resting spent in this place.
 E = Time spent auto-exploring this place.
 F = Levels seen in this place.
 G = Mean time per level.
                   A        B        C        D        E       F      G
               +--------+--------+--------+--------+--------+-----+--------+
         Total |    440 |    440 |      0 |    342 |      0 |   1 |  440.0 |
       Dungeon |    440 |    440 |      0 |    342 |      0 |   1 |  440.0 |
               +--------+--------+--------+--------+--------+-----+--------+

Top non-repeatable levels by time:
       D: 440 daAuts
